Map: King Sejong Station LE

Players

EnderPedro - Winner!

  • Race: Protoss Protoss
  • League: Silver

Gracz

  • Race: Zerg Zerg
  • League: Silver

VOD

Have the link to the VOD?

Description

Time

  • Played on: Oct. 9, 2016, 5:38 a.m.
  • Length: 11:50
Show
View Real Time Build Order
Export as new Build Order

EnderPedro Protoss - Winner!

Build Orders:  

Get SALT Encoding   

  12  0:06  Probe (Chrono Boost)  
  13  0:16  Probe (Chrono Boost)  
  14  0:23  Pylon  
  14  0:27  Probe (Chrono Boost)  
  15  0:41  Probe (Chrono Boost)  
  16  0:44  Gateway  
  16  0:52  Probe (Chrono Boost)  
  17  1:00  Forge  
  17  1:12  Probe (Chrono Boost)  
  17  1:16  Assimilator  
  18  1:21  Assimilator  
  18  1:22  Probe (Chrono Boost)  
  19  1:30  Pylon  
  19  1:35  Zealot  
  21  1:46  Cybernetics Core  
  21  2:10  Photon Cannon  
  21  2:12  Gateway  
  21  2:20  Pylon  
  21  2:28  Probe (Chrono Boost)  
  22  2:38  Probe (Chrono Boost)  
  23  2:47  Zealot, Twilight Council  
  25  2:51  Gateway  
  25  2:55  Gateway  
  25  3:01  Zealot  
  25  3:05  Protoss Ground Weapons Level 1  
  27  3:19  Warp Gate  
  27  3:28  Zealot  
  27  3:31  Zealot  
  31  3:41  Charge, Zealot  
  33  4:01  Zealot  
  35  4:07  Probe (Chrono Boost)  
  36  4:19  Probe (Chrono Boost)  
  38  4:31  Probe (Chrono Boost)  
  38  4:47  Zealot  
  38  5:19  Pylon  
  38  5:29  Stargate  
  38  5:40  Mothership Core (Chrono Boost)  
  38  5:44  Zealot  
  38  5:47  Zealot  
  38  5:59  Zealot  
  38  6:00  Zealot  
  38  6:10  Void Ray  
  38  6:51  Pylon  
  38  7:03  Void Ray  
  40  7:35  Pylon  
  40  8:07  Zealot x2  
  40  8:08  Zealot x2  
  42  8:49  Zealot  
  42  8:50  Zealot x3  
  46  9:27  Zealot  
  46  9:28  Zealot x3  
  54  9:35  Pylon  
  50  10:52  Nexus  
  50  10:55  Pylon  
  50  11:06  Pylon  
  50  11:37  Nexus  
  50  11:40  Pylon  
Show
View Real Time Build Order
Export as new Build Order

Gracz Zerg 

Build Orders: Pool First 

Get SALT Encoding   

  12  0:03  Drone  
  13  0:08  Drone  
  14  0:27  Spawning Pool  
  13  0:30  Drone  
  14  0:38  Overlord  
  14  0:47  Extractor  
  14  0:49  Drone  
  14  1:13  Hatchery  
  13  1:19  Drone  
  14  1:29  Drone x2  
  16  1:52  Zergling x6  
  19  2:00  Queen  
  21  2:13  Metabolic Boost  
  21  2:33  Spine Crawler  
  21  2:35  Queen  
  22  2:51  Zergling x2  
  22  2:52  Zergling x4  
  22  2:54  Zergling x6  
  28  3:05  Overlord  
  28  3:48  Spine Crawler  
  27  3:56  Zergling x6  
  30  4:06  Queen  
  32  4:13  Roach Warren  
  29  5:08  Drone x5  
  29  5:09  Drone  
  27  6:03  Zergling x2  
  27  6:04  Zergling x4  
  22  7:10  Queen  
  22  7:13  Roach x3  
  30  7:30  Drone  
  31  7:43  Ravager x3  
  34  7:46  Queen  
  34  7:47  Spore Crawler  
  35  7:55  Spine Crawler  
  15  9:50  Hatchery  
  14  11:08  Extractor  
  13  11:11  Extractor, Drone  
  13  11:26  Drone  
  13  11:27  Drone  
  13  11:31  Spawning Pool  
Tags
 
Add a new tag
Caveats
  • Supply blocks, unpowered buildings, or Contaminate may cause inaccurate times.
  • Supply counts are checked every 10 seconds.